| TOP OF THE 1ST |
|
Mahoning Valley Scrappers batting - Pitching for Everett AquaSox : RHP Trevor Jacobsen
|
|
Pitching: RHP Trevor Jacobsen
|
|
|
Batting: RHB Ricky Cordova
|
0-0: Ball 1-0: Foul Ball, location: 2F 1-1: Ball 2-1: Foul Ball, location: 2F 2-2: Ball 3-2: Fly out, F8 (Flyball, 89D, EV 95.6 MPH)
|
|
Batting: RHB Jose Argueta
|
0-0: Ball 1-0: Ground out 4-3 (Groundball, 4M, EV 87.5 MPH)
|
|
Batting: LHB Matt Steinke
|
0-0: Hit by Pitch
|
|
Batting: LHB Dave Key
|
0-0: Called Strike Matt Steinke steals 2nd, throwing error, E2 Matt Steinke to third 0-1: TRIPLE (Flyball, 89XD, EV 99.4 MPH) Matt Steinke scores
|
|
Batting: RHB Kevin Wiles
|
0-0: Swinging Strike 0-1: Ball 1-1: Called Strike 1-2: Ball 2-2: Strikes out swinging
|
| Top of the 1st over - 1 run, 1 hit, 1 error, 1 left on base; Mahoning Valley 1 - Everett 0 |
| BOTTOM OF THE 1ST |
|
Everett AquaSox batting - Pitching for Mahoning Valley Scrappers : RHP Steven Costanza
|
|
Pitching: RHP Steven Costanza
|
|
|
Batting: RHB Heihachiro Fujita
|
0-0: Ball 1-0: Ball 2-0: Ball 3-0: Called Strike 3-1: Swinging Strike 3-2: Base on Balls
|
|
Batting: RHB Eddie Luna
|
0-0: Ball Heihachiro Fujita is caught stealing 2nd base 2-4 1-0: Ball 2-0: Ball 3-0: Called Strike 3-1: Base on Balls
|
|
Batting: RHB Marco Diaz
|
0-0: Ball 1-0: Called Strike 1-1: DOUBLE (Line Drive, 8LXD, EV 105.6 MPH) Eddie Luna to third
|
|
Batting: LHB Chris Jackson
|
0-0: Foul Ball, location: 2F 0-1: Called Strike 0-2: Ball 1-2: Strikes out looking
|
|
Batting: LHB William Gonzales
|
0-0: Ball 1-0: Ball Wild Pitch! Eddie Luna scores Marco Diaz to third 2-0: Swinging Strike 2-1: Foul Ball, location: 2F 2-2: Strikes out swinging
|
| Bottom of the 1st over - 1 run, 1 hit, 0 errors, 1 left on base; Mahoning Valley 1 - Everett 1 |
| TOP OF THE 2ND |
|
Mahoning Valley Scrappers batting - Pitching for Everett AquaSox : RHP Trevor Jacobsen
|
|
Batting: RHB Justin Young
|
0-0: Called Strike 0-1: Swinging Strike 0-2: Ball 1-2: Foul Ball, location: 2F 1-2: Strikes out swinging
|
|
Batting: RHB Aaron Stout
|
0-0: Called Strike 0-1: Foul Ball, location: 2F 0-2: Ball 1-2: Strikes out swinging
|
|
Batting: RHB Jason Roberts
|
0-0: Swinging Strike 0-1: Swinging Strike 0-2: Ground out 5-3 (Groundball, 5, EV 88.8 MPH)
|
| Top of the 2nd over - 0 runs, 0 hits, 0 errors, 0 left on base; Mahoning Valley 1 - Everett 1 |
| BOTTOM OF THE 2ND |
|
Everett AquaSox batting - Pitching for Mahoning Valley Scrappers : RHP Steven Costanza
|
|
Batting: RHB Tai Joo
|
0-0: Called Strike 0-1: Reached on error, E2 (Groundball, 2R, EV 70.6 MPH)
|
|
Batting: SHB Tony Morales
|
0-0: Foul Ball, location: 2F 0-1: Reached on error, E6 (Groundball, 6S, EV 82.5 MPH) Tai Joo scores
|
|
Batting: RHB Jwahir Pili
|
0-0: Ball 1-0: Called Strike 1-1: Ground out 5-3 (Groundball, 56, EV 89.4 MPH)
|
|
Batting: RHB James Bickel
|
0-0: Called Strike Tony Morales steals 3rd base 0-1: Ground out 4-3 (Groundball, 4, EV 106.2 MPH) Tony Morales scores
|
|
Batting: RHB Heihachiro Fujita
|
0-0: Ball 1-0: Ball 2-0: Called Strike 2-1: Called Strike 2-2: Ball 3-2: SINGLE (Line Drive, 3D, EV 98.8 MPH)
|
|
Batting: RHB Eddie Luna
|
0-0: Ball 1-0: Called Strike Heihachiro Fujita is caught stealing 2nd base 2-4
|
| Bottom of the 2nd over - 2 runs, 1 hit, 2 errors, 0 left on base; Mahoning Valley 1 - Everett 3 |
| TOP OF THE 3RD |
|
Mahoning Valley Scrappers batting - Pitching for Everett AquaSox : RHP Trevor Jacobsen
|
|
Batting: RHB Nick Gossman
|
0-0: Called Strike 0-1: Foul Ball, location: 2F 0-2: Foul Ball, location: 2F 0-2: Foul Ball, location: 2F 0-2: Foul Ball, location: 2F 0-2: Ball 1-2: Reached on error, E5 (Groundball, 56, EV 100.0 MPH)
|
|
Batting: RHB Ricky Cordova
|
0-0: Ball 1-0: Fly out, F9 (Flyball, 9LD, EV 91.2 MPH)
|
|
Batting: RHB Jose Argueta
|
0-0: Swinging Strike 0-1: Ball 1-1: Called Strike 1-2: Foul Ball, location: 2F 1-2: Ball 2-2: Foul Ball, location: 2F 2-2: Strikes out swinging
|
|
Batting: LHB Matt Steinke
|
0-0: Called Strike 0-1: Foul Ball, location: 2F 0-2: Ground out 3-1 (Groundball, 34S, EV 78.1 MPH)
|
| Top of the 3rd over - 0 runs, 0 hits, 1 error, 1 left on base; Mahoning Valley 1 - Everett 3 |
| BOTTOM OF THE 3RD |
|
Everett AquaSox batting - Pitching for Mahoning Valley Scrappers : RHP Steven Costanza
|
|
Batting: RHB Eddie Luna
|
0-0: Fly out, F8 (Flyball, 78D, EV 108.8 MPH)
|
|
Batting: RHB Marco Diaz
|
0-0: Ball 1-0: Ball 2-0: SINGLE (Line Drive, 3D, EV 96.2 MPH)
|
|
Batting: LHB Chris Jackson
|
0-0: Ball 1-0: Called Strike 1-1: Ball 2-1: Ball 3-1: Base on Balls Marco Diaz to second
|
|
Batting: LHB William Gonzales
|
0-0: Foul Ball, location: 2F 0-1: Foul Ball, location: 2F 0-2: Strikes out swinging
|
|
Batting: RHB Tai Joo
|
0-0: Called Strike 0-1: Foul Ball, location: 2F 0-2: Fly out, F3 (Line Drive, 3, EV 70.0 MPH)
|
| Bottom of the 3rd over - 0 runs, 1 hit, 0 errors, 2 left on base; Mahoning Valley 1 - Everett 3 |
| TOP OF THE 4TH |
|
Mahoning Valley Scrappers batting - Pitching for Everett AquaSox : RHP Trevor Jacobsen
|
|
Batting: LHB Dave Key
|
0-0: Ball 1-0: Ball 2-0: Called Strike 2-1: Foul Ball, location: 2F 2-2: SINGLE (Groundball, 4M, EV 90.6 MPH) (infield hit)
|
|
Batting: RHB Kevin Wiles
|
0-0: Swinging Strike 0-1: Fielders Choice at 2nd, 6-4 (Groundball, 6, EV 78.8 MPH)
|
|
Batting: RHB Justin Young
|
0-0: Called Strike 0-1: Foul Ball, location: 2F 0-2: Ball 1-2: Strikes out swinging
|
|
Batting: RHB Aaron Stout
|
0-0: Foul Ball, location: 2F 0-1: Swinging Strike 0-2: Ball 1-2: Ball 2-2: Hit by Pitch Kevin Wiles to second
|
|
Batting: RHB Jason Roberts
|
0-0: SINGLE (Groundball, 56D, EV 105.0 MPH) Kevin Wiles to third Aaron Stout to second Runner from 3rd tries for Home, SAFE, throw by LF to home
|
|
Batting: RHB Nick Gossman
|
0-0: Ball Wild Pitch! Aaron Stout to third Jason Roberts to second 1-0: Ground out 5-3 (Groundball, 56, EV 106.9 MPH)
|
| Top of the 4th over - 1 run, 2 hits, 0 errors, 2 left on base; Mahoning Valley 2 - Everett 3 |
| BOTTOM OF THE 4TH |
|
Everett AquaSox batting - Pitching for Mahoning Valley Scrappers : RHP Steven Costanza
|
|
Batting: SHB Tony Morales
|
0-0: Ball 1-0: Ball 2-0: SINGLE (Line Drive, 7S, EV 88.1 MPH)
|
|
Batting: RHB Jwahir Pili
|
0-0: Ball 1-0: TRIPLE (Flyball, 89XD, EV 100.0 MPH) Tony Morales scores
|
|
Batting: RHB James Bickel
|
0-0: Called Strike 0-1: Ball 1-1: Called Strike 1-2: Strikes out swinging
|
|
Batting: RHB Heihachiro Fujita
|
0-0: Swinging Strike 0-1: Called Strike 0-2: Ball 1-2: Ball 2-2: Foul Ball, location: 2F 2-2: Strikes out swinging
|
|
Batting: RHB Eddie Luna
|
0-0: Swinging Strike 0-1: Ball 1-1: Called Strike 1-2: Ground out 6-3 (Groundball, 6, EV 88.1 MPH)
|
| Bottom of the 4th over - 1 run, 2 hits, 0 errors, 1 left on base; Mahoning Valley 2 - Everett 4 |
| TOP OF THE 5TH |
|
Mahoning Valley Scrappers batting - Pitching for Everett AquaSox : RHP Trevor Jacobsen
|
|
Batting: RHB Ricky Cordova
|
0-0: Foul Ball, location: 2F 0-1: Ball 1-1: Ball 2-1: Foul Ball, location: 2F 2-2: Strikes out looking
|
|
Batting: RHB Jose Argueta
|
0-0: Ball 1-0: Called Strike 1-1: Ball 2-1: SINGLE (Flyball, 5D, EV 85.6 MPH)
|
|
Batting: LHB Matt Steinke
|
0-0: Swinging Strike 0-1: Ball 1-1: Foul Ball, location: 2F 1-2: Ball 2-2: Fly out, F6 (Line Drive, 6, EV 70.0 MPH)
|
|
Batting: LHB Dave Key
|
0-0: Called Strike 0-1: Swinging Strike 0-2: Ball 1-2: Foul Ball, location: 2F 1-2: Foul Ball, location: 2F 1-2: Foul Ball, location: 2F 1-2: Ball 2-2: SINGLE (Line Drive, 8LS, EV 90.0 MPH) Jose Argueta to second Runner from 2nd tries for 3rd, SAFE, throw by CF made to third
|
|
Batting: RHB Kevin Wiles
|
0-0: Ball 1-0: Ball 2-0: Ball 3-0: Called Strike 3-1: DOUBLE (Line Drive, 78D, EV 106.2 MPH) Jose Argueta scores Dave Key to third Runner from 3rd tries for Home, SAFE, throw by CF to home
|
|
Batting: RHB Justin Young
|
0-0: Ball 1-0: Called Strike 1-1: SINGLE (Flyball, 78S, EV 93.1 MPH) Kevin Wiles to third Runner from 3rd tries for Home, SAFE, throw by LF to home
|
|
Batting: RHB Aaron Stout
|
0-0: Ball 1-0: Called Strike 1-1: Called Strike 1-2: Ball 2-2: Ball 3-2: Strikes out swinging, 2-3 out at first.
|
| Top of the 5th over - 3 runs, 4 hits, 0 errors, 1 left on base; Mahoning Valley 5 - Everett 4 |
| BOTTOM OF THE 5TH |
|
Everett AquaSox batting - Pitching for Mahoning Valley Scrappers : RHP Steven Costanza
|
|
Batting: RHB Marco Diaz
|
0-0: Swinging Strike 0-1: Ball 1-1: Foul Ball, location: 2F 1-2: Ball 2-2: Strikes out swinging
|
|
Batting: LHB Chris Jackson
|
0-0: Ball 1-0: Ball 2-0: Called Strike 2-1: Ball 3-1: Swinging Strike 3-2: Strikes out swinging, 2-3 out at first.
|
|
Batting: LHB William Gonzales
|
0-0: Called Strike 0-1: Hit by Pitch
|
|
Batting: RHB Tai Joo
|
0-0: Ball 1-0: Swinging Strike 1-1: Ball 2-1: Fly out, F7 (Flyball, 78S, EV 77.5 MPH)
|
| Bottom of the 5th over - 0 runs, 0 hits, 0 errors, 1 left on base; Mahoning Valley 5 - Everett 4 |
| TOP OF THE 6TH |
|
Mahoning Valley Scrappers batting - Pitching for Everett AquaSox : RHP Trevor Jacobsen
|
|
Pitching: LHP Chris Wheeler
|
|
|
Batting: RHB Jason Roberts
|
0-0: Ground out U3 (Groundball, 34, EV 101.9 MPH)
|
|
Batting: RHB Nick Gossman
|
0-0: Ball 1-0: Ball 2-0: Ball 3-0: Base on Balls
|
|
Batting: RHB Ricky Cordova
|
0-0: Ball 1-0: Fly out, F9 (Flyball, 89M, EV 91.2 MPH)
|
|
Batting: RHB Jose Argueta
|
0-0: Called Strike 0-1: Ball 1-1: Ball 2-1: Called Strike 2-2: SINGLE (Groundball, 4MD, EV 95.6 MPH) Nick Gossman to second Runner from 2nd tries for 3rd, SAFE, no throw by CF
|
|
Batting: RHB Leo Candelas
|
0-0: Ball 1-0: 3-RUN HOME RUN (Line Drive, 7LD, EV 96.2 MPH), Distance : 355 ft
|
|
Pitching: RHP Matt Lane
|
|
|
Batting: LHB Dave Key
|
0-0: Ball 1-0: Ball 2-0: Ball 3-0: Called Strike 3-1: Ground out 6-3 (Groundball, 6, EV 86.9 MPH)
|
| Top of the 6th over - 3 runs, 2 hits, 0 errors, 0 left on base; Mahoning Valley 8 - Everett 4 |
| BOTTOM OF THE 6TH |
|
Everett AquaSox batting - Pitching for Mahoning Valley Scrappers : RHP Steven Costanza
|
|
Batting: SHB Tony Morales
|
0-0: Ball 1-0: Called Strike 1-1: Ball 2-1: Foul Ball, location: 2F 2-2: Ball 3-2: Foul Ball, location: 2F 3-2: Ground out U3 (Groundball, 34S, EV 81.9 MPH)
|
|
Batting: RHB Jwahir Pili
|
0-0: TRIPLE (Line Drive, 89XD, EV 103.1 MPH)
|
|
Batting: RHB James Bickel
|
0-0: Fly out, F8 (Flyball, 89D, EV 111.2 MPH) Runner from 3rd tags up, SCORES, no throw by CF
|
|
Batting: RHB Heihachiro Fujita
|
0-0: Fly out, F9 (Line Drive, 9S, EV 88.8 MPH)
|
| Bottom of the 6th over - 1 run, 1 hit, 0 errors, 0 left on base; Mahoning Valley 8 - Everett 5 |
| TOP OF THE 7TH |
|
Mahoning Valley Scrappers batting - Pitching for Everett AquaSox : RHP Matt Lane
|
|
Batting: RHB Kevin Wiles
|
0-0: Ball 1-0: Called Strike 1-1: Ball 2-1: Ball 3-1: Fly out, F8 (Flyball, 8RM, EV 90.0 MPH)
|
|
Batting: RHB Justin Young
|
0-0: Swinging Strike 0-1: Ball 1-1: Swinging Strike 1-2: Strikes out looking
|
|
Batting: RHB Aaron Stout
|
0-0: Called Strike 0-1: Swinging Strike 0-2: Strikes out swinging
|
| Top of the 7th over - 0 runs, 0 hits, 0 errors, 0 left on base; Mahoning Valley 8 - Everett 5 |
| BOTTOM OF THE 7TH |
|
Everett AquaSox batting - Pitching for Mahoning Valley Scrappers : RHP Steven Costanza
|
|
Pitching: RHP Eddie Aguilar
|
|
|
Batting: RHB Eddie Luna
|
0-0: Called Strike 0-1: Ball 1-1: Ball 2-1: Fly out, F7 (Flyball, 7LD, EV 88.1 MPH)
|
|
Batting: RHB Marco Diaz
|
0-0: Called Strike 0-1: Swinging Strike 0-2: Reached on error, E1 (Groundball, 15S, EV 68.1 MPH)
|
|
Batting: LHB Chris Jackson
|
0-0: Ball 1-0: Ball Marco Diaz steals 3rd, throwing error, E2 Marco Diaz scores 2-0: Called Strike 2-1: Foul Ball, location: 2F 2-2: Foul Ball, location: 2F 2-2: Foul Ball, location: 2F 2-2: Foul Ball, location: 2F 2-2: Strikes out looking
|
|
Batting: LHB William Gonzales
|
0-0: Ball 1-0: Foul Ball, location: 2F 1-1: Ball 2-1: Swinging Strike 2-2: Foul Ball, location: 2F 2-2: Ball 3-2: Fly out, F7 (Flyball, 78M, EV 91.2 MPH)
|
| Bottom of the 7th over - 1 run, 0 hits, 2 errors, 0 left on base; Mahoning Valley 8 - Everett 6 |
| TOP OF THE 8TH |
|
Mahoning Valley Scrappers batting - Pitching for Everett AquaSox : RHP Matt Lane
|
|
Batting: RHB Jason Roberts
|
0-0: Ground out 5-3 (Groundball, 5, EV 96.2 MPH)
|
|
Batting: RHB Nick Gossman
|
0-0: Foul Ball, location: 2F 0-1: Ball 1-1: Ball 2-1: Ground out 5-3 (Groundball, 56, EV 79.4 MPH)
|
|
Batting: RHB Ricky Cordova
|
0-0: Ball 1-0: Called Strike 1-1: Fly out, F8 (Flyball, 8LM, EV 89.4 MPH)
|
| Top of the 8th over - 0 runs, 0 hits, 0 errors, 0 left on base; Mahoning Valley 8 - Everett 6 |
| BOTTOM OF THE 8TH |
|
Everett AquaSox batting - Pitching for Mahoning Valley Scrappers : RHP Eddie Aguilar
|
|
Now in RF: Jaquan Brown
|
|
|
Batting: RHB Tai Joo
|
0-0: Ball 1-0: Called Strike 1-1: Ball 2-1: Foul Ball, location: 2F 2-2: Strikes out swinging
|
|
Batting: SHB Tony Morales
|
0-0: Called Strike 0-1: Swinging Strike 0-2: Ball 1-2: Foul Ball, location: 2F 1-2: Ground out 5-3 (Groundball, 56S, EV 82.5 MPH)
|
|
Batting: RHB Jwahir Pili
|
0-0: Called Strike 0-1: Swinging Strike 0-2: Strikes out swinging
|
| Bottom of the 8th over - 0 runs, 0 hits, 0 errors, 0 left on base; Mahoning Valley 8 - Everett 6 |
| TOP OF THE 9TH |
|
Mahoning Valley Scrappers batting - Pitching for Everett AquaSox : RHP Matt Lane
|
|
Batting: RHB Jose Argueta
|
0-0: Called Strike 0-1: Ball 1-1: Swinging Strike 1-2: Ground out U3 (Groundball, 34, EV 93.1 MPH)
|
|
Batting: RHB Leo Candelas
|
0-0: Ball 1-0: Ball 2-0: Ball 3-0: Called Strike 3-1: Called Strike 3-2: Strikes out looking
|
|
Pitching: RHP Ian Gaines
|
|
|
Batting: LHB Dave Key
|
0-0: Ball 1-0: Fly out, F7 (Flyball, 7D, EV 101.2 MPH)
|
| Top of the 9th over - 0 runs, 0 hits, 0 errors, 0 left on base; Mahoning Valley 8 - Everett 6 |
| BOTTOM OF THE 9TH |
|
Everett AquaSox batting - Pitching for Mahoning Valley Scrappers : RHP Eddie Aguilar
|
|
Pitching: RHP Danny Roe
|
|
|
Pinch Hitting: LHB Ryan Daniels
|
0-0: Ball 1-0: Ball 2-0: Called Strike 2-1: Fly out, F8 (Flyball, 8LXD, EV 96.2 MPH)
|
|
Batting: RHB Heihachiro Fujita
|
0-0: Ball 1-0: Ball 2-0: Called Strike 2-1: Called Strike 2-2: Ball 3-2: Strikes out swinging
|
|
Batting: RHB Eddie Luna
|
0-0: Ground out 6-3 (Groundball, 6, EV 106.2 MPH)
|
| Bottom of the 9th over - 0 runs, 0 hits, 0 errors, 0 left on base; Mahoning Valley 8 - Everett 6 |
|